 Dungeon Crawl Stone Soup version 0.29-a0-870-g2c972031a6 (webtiles) character file.

Game seed: 6185226781362846353

4103 concernfroge the Fighter (level 10, -5/87 HPs)
             Began as a Mummy Monk on July 17, 2022.
             Was an Initiate of Gozag.
             Killed from afar by a gargoyle (14 damage)
             ... with a stone arrow
             ... on level 10 of the Dungeon.
             The game lasted 00:38:30 (11342 turns).

concernfroge the Fighter (Mummy Monk)              Turns: 11342, Time: 00:38:31

Health: -5/87      AC: 15    Str: 18    XL:     10   Next: 6%
Magic:  10/10      EV:  7    Int: 10    God:    Gozag
Gold:   613        SH:  0    Dex: 15    Spells: 9/9 levels left

rFire   . . .      SeeInvis .   a - +3 spear
rCold   + . .      Faith    .   (no shield)
rNeg    + + +      Spirit   .   h - +5 chain mail
rPois   ∞          Reflect  .   (no helmet)
rElec   .          Harm     .   (no cloak)
rCorr   +          Rampage  .   m - +0 pair of gloves
Will    +....                   s - +0 pair of boots
Stlth   ..........              (no amulet)
HPRegen 0.24/turn               k - ring of resist corrosion
MPRegen 0.12/turn               f - ring of protection from fire

@: silenced, hasted, very quick
A: cold resistance 1, negative energy resistance 3, torment resistance 2, heat
vulnerability 1, in touch with death 1, no potions
a: Renounce Religion


You were on level 10 of the Dungeon.
You worshipped Gozag.
Gozag was pleased with you.
You visited 2 branches of the dungeon, and saw 11 of its levels.
You also visited: Ossuary.

You collected 1277 gold pieces.
You paid 664 gold pieces to Gozag.

Inventory:

Hand Weapons
 a - a +3 spear (weapon)
 n - a +0 trident
Armour
 h - a +5 chain mail (worn)
 m - a +0 pair of gloves (worn)
 s - a +0 pair of boots (worn)
Jewellery
 b - a ring of willpower
 f - a ring of protection from fire (right hand)
 j - a ring of protection from fire
 k - a ring of resist corrosion (left hand)
 r - an amulet of reflection
Wands
 i - a wand of flame (1) (quivered)
 q - a wand of mindburst (3)
Scrolls
 c - 4 scrolls of identify
 l - a scroll of noise
 o - a scroll of amnesia
 p - 2 scrolls of magic mapping
 t - a scroll of fog


   Skills:
 - Level 11.0 Fighting
 + Level 8.9 Polearms
 - Level 2.4 Dodging
 - Level 1.5 Stealth


You had 9 spell levels left.
You didn't know any spells.
Your spell library contained the following spells:

 Spells                   Type           Power      Damage    Failure   Level
 Foxfire                  Conj/Fire      0%         2x1d4     99%         1
 Magic Dart               Conj           0%         1d3       99%         1
 Shock                    Conj/Air       0%         1d3       99%         1
 Call Imp                 Summ           0%         N/A       100%        2
 Poisonous Vapours        Pois/Air       0%         N/A       100%        2
 Conjure Flame            Conj/Fire      0%         6-21      100%        3
 Inner Flame              Hex/Fire       0%         N/A       100%        3
 Mephitic Cloud           Conj/Pois/Air  0%         N/A       100%        3
 Swiftness                Air            0%         N/A       100%        3
 Airstrike                Air            0%         0-1+      100%        4
 Anguish                  Hex/Necr       0%         N/A       100%        4
 Cause Fear               Hex            0%         N/A       100%        4
 Flame Wave               Conj/Fire      0%         2d4       100%        4
 Freezing Cloud           Conj/Ice/Air   0%         6-21      100%        5
 Enfeeble                 Hex            0%         N/A       100%        7
 Discord                  Hex            0%         N/A       100%        8
 Polar Vortex             Ice            0%         N/A       100%        9
 Corpse Rot               Necr/Pois/Air  Unusable   N/A       N/A         4
 Simulacrum               Ice/Necr       Unusable   N/A       N/A         6

Dungeon Overview and Level Annotations

Branches:
Dungeon (10/15)            Temple (1/1) D:4         Ossuary (visited)
   Lair: D:8-11         Orc: D:9-12

Altars:
Ashenzari
Cheibriados
Dithmenos
Gozag
Hepliaklqana
Kikubaaqudgha
Makhleb
Nemelex Xobeh
Okawaru
Qazlal
Ru
Sif Muna
Trog
Uskayaw
Vehumet
Wu Jian
Xom
Yredelemnul

Annotations:
D:4 1 runed translucent door, nxtlvl's ghost, amateur DEMo
D:7 Maggie


Innate Abilities, Weirdness & Mutations

You are immune to poison.
Your flesh is cold resistant. (rC+)
You are immune to negative energy. (rN+++)
You are immune to unholy pain and torment.
You are vulnerable to heat. (rF-)
You are in touch with the powers of death.
You do not drink.


Message History

You hit the gargoyle but do no damage. The gargoyle hits you with a +0 mace!
Okay, then.
You hit the gargoyle but do no damage. You hit the gargoyle but do no damage.
The gargoyle hits you with a +0 mace.
* * * LOW HITPOINT WARNING * * *
[a] - 464 gold - heal wounds, magic and curing [b] - 377 gold - heal wounds and magic [c] - 322 gold - might and resistance Purchase which effect?
You feel much better. Magic courses through your body.
You feel better. The gargoyle barely misses you.
You hit the gargoyle but do no damage. The gargoyle hits you with a +0 mace!
You hit the gargoyle but do no damage. The gargoyle hits you with a +0 mace.
You hit the gargoyle but do no damage. You hit the gargoyle but do no damage.
The gargoyle hurls a stone arrow at you.
The stone arrow hits you!!
* * * LOW HITPOINT WARNING * * *
You hit the gargoyle but do no damage. You barely miss the gargoyle.
The gargoyle hits you with a +0 mace.
* * * LOW HITPOINT WARNING * * *
You hit the gargoyle but do no damage.
The gargoyle hurls a stone arrow at you.
The stone arrow hits you!
* * * LOW HITPOINT WARNING * * *
[a] - 200 gold - haste [b] - 364 gold - might and resistance [c] - 176 gold - might and brilliance Purchase which effect?
You no longer have enough gold to fund merchants seeking to open stores in the dungeon.
You feel yourself speed up.
The gargoyle hurls a stone arrow at you.
The stone arrow hits you.
* * * LOW HITPOINT WARNING * * *
As you read the scroll of silence, it crumbles to dust.
A profound silence engulfs you.
The gargoyle hurls a stone arrow at you.
The stone arrow hits you!
You die...
Your body crumbles into a pile of gold.

#.........#
#.........#...#
#..<......#...#
#.........#...# ...#
#.........#...# ...#
#.........#...# ...#
#.........#...# ...#
#.........#...# ...#
#..........@..# ...#
#.........##..###...#
#...####..##..9.....#
#... #..##.####...#
#... #..##.# ...# #..
#..##.# ...# #.
#..##.# ...# #..##.#
.... #..##.# .....


You could see a gargoyle (unsilenced).

Vanquished Creatures
  5 yaks (D:8)
  An acid dragon (D:9)
  3 water moccasins
  4 ice beasts
  2 black bears
  A sky beast (D:7)
  A centaur (D:7)
  An ogre (D:4)
  2 phantoms (D:5)
  3 bullfrogs
  A kobold brigand (D:8)
  A necrophage (D:7)
  3 scorpions
  3 wights (D:8)
  4 killer bees (D:8)
  A howler monkey (D:5)
  2 jellies
  A gnoll bouda (D:8)
  8 hounds
  6 orc priests
  Natasha (D:4)
  5 iguanas
  5 orc wizards
  2 mummies
  10 adders
  5 gnolls (D:8)
  A river rat (D:5)
  2 shadow imps
  A white imp (D:5)
  An ufetubus (D:5)
  7 worms
  2 dart slugs (D:3)
  30 orcs
  8 endoplasms
  3 giant cockroaches
  A gnoll zombie (Ossuary)
  9 goblins
  7 hobgoblins
  A quokka (D:2)
  12 ball pythons
  3 bats (D:3)
  2 frilled lizards (D:1)
  6 goblin zombies (Ossuary)
  3 hobgoblin zombies (Ossuary)
  12 kobolds
  2 kobold zombies (Ossuary)
  4 rats
198 creatures vanquished.

Vanquished Creatures (others)
  2 withered plants (D:2)
2 creatures vanquished.

Grand Total: 200 creatures vanquished

Notes
Turn   | Place    | Note
-------+----------+-------------------------------------------
     0 | D:1      | concernfroge the Mummy Monk began the quest for the Orb.
     0 | D:1      | Reached XP level 1. HP: 18/18 MP: 1/1
   405 | D:1      | Reached XP level 2. HP: 24/24 MP: 2/2
   838 | D:1      | Reached skill level 4 in Fighting
   973 | D:2      | Gained mutation: You are in touch with the powers of death.
                  | [Mummy growth]
   973 | D:2      | Reached XP level 3. HP: 18/30 MP: 3/3
  1528 | D:2      | Found a faded altar of an unknown god.
  2243 | D:3      | Reached skill level 5 in Fighting
  2243 | D:3      | Reached XP level 4. HP: 38/39 MP: 4/4
  3005 | D:3      | Reached XP level 5. HP: 26/46 MP: 5/5
  3332 | D:4      | Found a sand-covered staircase.
  3491 | Ossuary  | Entered an ossuary
  3491 | Ossuary  | Noticed a wraith
  3491 | Ossuary  | Noticed a wraith
  3491 | Ossuary  | Noticed a wraith
  3673 | Ossuary  | Reached skill level 6 in Fighting
  4030 | Ossuary  | Noticed a wraith
  4298 | D:4      | Found a staircase to the Ecumenical Temple.
  4308 | Temple   | Entered the Ecumenical Temple
  4535 | Temple   | Became a worshipper of Gozag Ym Sagoz the Greedy
  5116 | D:4      | Reached XP level 6. HP: 42/53 MP: 6/6
  5233 | D:4      | Noticed an ice beast
  5238 | D:4      | Killed an ice beast
  5239 | D:4      | Reached skill level 7 in Fighting
  5394 | D:4      | Found a runed translucent door.
  5395 | D:4      | Noticed a yak
  5395 | D:4      | Noticed nxtlvl's ghost (amateur DEMo)
  5403 | D:4      | Noticed Natasha
  5418 | D:4      | Killed Natasha
  5459 | D:5      | Entered Level 5 of the Dungeon
  5515 | D:5      | Noticed an ice beast
  5702 | D:4      | Reached skill level 8 in Fighting
  5702 | D:4      | Reached XP level 7. HP: 43/62 MP: 7/7
  5904 | D:5      | Identified the +7 war axe of the Final Decision {holy,
                  | rPois Dex+3}
  5943 | D:5      | Reached skill level 9 in Fighting
  6436 | D:5      | Reached XP level 8. HP: 63/72 MP: 8/8
  6440 | D:5      | Identified the +6 dagger of Royalism {vorpal, Will++ Str-4}
  6464 | D:5      | Reached skill level 10 in Fighting
  7623 | D:6      | Reached skill level 11 in Fighting
  7837 | D:7      | Noticed Maggie
  8020 | D:7      | Reached skill level 5 in Polearms
  8020 | D:7      | Reached XP level 9. HP: 66/81 MP: 9/9
 10827 | D:9      | Reached XP level 10. HP: 82/87 MP: 10/10
 10905 | D:9      | Noticed a two-headed ogre
 11266 | D:10     | Entered Level 10 of the Dungeon
 11318 | D:10     | Noticed a gargoyle
 11342 | D:10     | Killed from afar by a gargoyle

Illustrated notes

Levels and vault maps discovered:
D:1:      lightli_arrival_noodles, layout_loops_ring, minivault_27
D:2:      layout_loops_ring, ebering_ecumenical_altar_petrified
D:3:      minmay_bubble_buster, layout_loops_cross
D:4:      nicolae_cairo_tiling_very_big, layout_gridville,
          minmay_temple_entry_statues_fountains, gup_ossuary_entry_pyramid,
          ebering_ghost_inner_flame, hangedman_decor_riveting, uniq_natasha
D:5:      layout_gridville, lightli_sewer_entry_pipes, hex_tiny, minmay_circle_x
D:6:      layout_loops_ring
D:7:      layout_basic, item_on_display_a, uniq_maggie
D:8:      layout_basic
D:9:      hellmonk_crumbling_castle, layout_cave_pods, kennysheep_little_box,
          orc_0_dummy, serial_shops, shop, serial_park, serial_park_tiny_2,
          serial_park_square1 [serial_park_minivault_5x5_6]
D:10:     layout_long_grid, serial_bayou_pond_a
Temple:   roderic_octagonal_lattice_temple

Skill      XL: |  1  2  3  4  5  6  7  8  9 |
---------------+----------------------------+-----
Fighting       | 4 5 6 8 9 11 | 11.0
Polearms       | 5 8 |  8.9
Dodging        | |  2.4
Stealth        | |  1.5

Action                   |  1- 3 |  4- 6 |  7- 9 | 10-12 || total
-------------------------+-------+-------+-------+-------++-------
Melee: Spear             |   144 |   287 |   616 |    47 ||  1094
       Punch             |       |     3 |     9 |       ||    12
Invok: Potion Petition   |       |       |       |     2 ||     2
Evoke: Wand              |       |     6 |    13 |     4 ||    23
  Use: Scroll            |     6 |    11 |     5 |     4 ||    26
 Stab: Sleeping          |     1 |       |       |       ||     1
       Distracted        |       |       |     1 |       ||     1
Armor: Ring mail         |    22 |       |       |       ||    22
       Chain mail        |     7 |   123 |   297 |    15 ||   442
Dodge: Dodged            |    58 |   100 |   157 |     8 ||   323

Table legend: (Time is in decaauts)
 A = Elapsed time spent in this place.
 B = Non-inter-level travel time spent in this place.
 C = Inter-level travel time spent in this place.
 D = Time resting spent in this place.
 E = Time spent auto-exploring this place.
 F = Levels seen in this place.
 G = Mean time per level.
                   A        B        C        D        E       F      G
               +--------+--------+--------+--------+--------+-----+--------+
         Total |  11273 |  10641 |    632 |   2067 |   6522 |  12 |  939.4 |
       Dungeon |  10330 |   9726 |    604 |   1755 |   6123 |  10 | 1033.0 |
        Temple |    373 |    345 |     28 |      0 |    323 |   1 |  373.0 |
       Ossuary |    569 |    569 |      0 |    312 |     76 |   1 |  569.0 |
               +--------+--------+--------+--------+--------+-----+--------+

Top non-repeatable levels by time:
     D:8: 1668 daAuts
     D:4: 1551 daAuts
     D:5: 1465 daAuts
     D:2: 1208 daAuts
     D:7: 1102 daAuts
     D:3: 1090 daAuts
     D:1: 928 daAuts
     D:6: 676 daAuts
     D:9: 569 daAuts
 Ossuary: 569 daAuts
  Temple: 373 daAuts
    D:10: 69 daAuts
